woodfighter, chaotic female human Barbarian ---------- |........| d n |.........#` |........|## |........|## -+-----.--# ########## # # ### ### ### # -- # # #############@WW W -.---#### # W W W |....#### ########### W W |...| # # # W t ||..-## ### W ----- #+ W woodfighter the Bandit Experience level: 8 Strength: 18/01 Dexterity: 18 Constitution: 18 Intelligence: 8 Wisdom: 8 Charisma: 6 Health: 0(90) Energy: 18(18) Def: 2 Gold: 326 Moves: 13059 Dungeon seed: aePZaqI-G5wPAUwK Game ID: woodfighter_1444921614 Your Inventory: Coins $ - 326 gold pieces Weapons S - a +0 battle-axe (weapon in hands) U - 4 +0 daggers (in quiver) Armor n - an uncursed +0 alchemy smock (being worn) y - an uncursed +0 pair of leather gloves H - an uncursed corroded +0 dwarvish iron helm (being worn) Comestibles a - 2 uncursed fortune cookies d - an uncursed tripe ration Wands e - a blessed wand of sleep (0:1) l - a wand of digging (0:7) F - a wand of create monster (0:14) L - a wand of polymorph (0:7) O - a wand of magic missile (0:2) Tools P - an uncursed magic whistle Q - an uncursed blindfold (being worn) Z - an uncursed stethoscope Gems Y - an uncursed luckstone Spells and supernatural/magical abilities: Name Level Category Fail Memory a - force bolt 1 attack 100% 67% W - pray for help -- divine ? -- Your skills at the end: Miscellaneous Skills bare handed combat [Basic] Weapon Skills dagger [Basic] axe [Expert] short sword [Basic] Spellcasting Skills Final Attributes: You were piously aligned. You were cold resistant. You were poison resistant. You were acid resistant. You were telepathic. You were lucky. You had extra luck. Bad luck did not time out for you. Good luck did not time out for you. You are dead. Vanquished creatures: a vampire lord a vampire 5 ghosts 2 giant mimics a wumpus a couatl a giant zombie 4 ettin mummies a quantum mechanic a troll 2 large dogs a flaming sphere a shocking sphere a gargoyle a dwarf king a chameleon a crocodile a leocrotta 2 elf mummies 3 wraiths a succubus an incubus 2 giant beetles a cockatrice 4 wolves a winter wolf cub a lynx 51 leprechauns a quivering blob a spotted jelly 2 mountain nymphs a mumak 4 giant spiders a horse 3 black lights a vampire bat 6 gnome kings 2 brown puddings 3 owlbears 2 yetis a gold golem 2 chickatrices a dog 2 housecats 2 jaguars 5 dwarf lords a blue jelly a water nymph a white unicorn 2 gray unicorns 2 plains centaurs 3 gnome mummies 3 human zombies a rope golem a Woodland-elf 2 fire ants a wood nymph 13 Mordor orcs 3 Uruk-hai 3 rock piercers 4 ponies a fog cloud a yellow light a shrieker 2 violet fungi 8 gnome lords a gnomish wizard 2 black naga hatchlings a guardian naga hatchling a barrow wight 3 elf zombies 2 ghouls a paper golem a giant ant a little dog 7 floating eyes a kitten 15 dwarves 3 kobold lords 2 kobold shamans 3 iguanas a rothe a rabid rat 2 centipedes 3 giant bats a monkey 2 orc zombies 4 dwarf zombies 4 wererats 22 killer bees a coyote 2 hobbits 3 acid blobs 2 large kobolds 8 geckos 2 hobgoblins 9 giant rats 4 cave spiders a brown mold 4 yellow molds a green mold 55 gnomes 12 garter snakes 4 manes 6 gnome zombies 2 jackals 3 foxes 6 kobolds 7 newts 5 goblins a sewer rat 9 grid bugs 7 bats 6 lichens 10 kobold zombies 442 creatures vanquished. Voluntary challenges: You used a wielded weapon 685 times, starting on turn 12. You read items or engraved 9 times, starting on turn 1662. You never genocided any monsters. You never polymorphed an object. You never changed form. You completed Sokoban on turn 11876, according to the rules. You used 1 wish, starting on turn 2955. You did not wish for any artifacts. You split 1 pudding, starting on turn 10220. You wrote Elbereth's name 2 times, starting on turn 12558. You violated your moral code, losing 1 point of alignment, starting on turn 10527. Dungeon overview: The Dungeons of Doom: levels 1 to 12 Level 1 a sink a long staircase Level 2 (vault) an altar to Mitra Level 3 (locked box) stairs to The Gnomish Mines Level 4 a fountain Level 5 a general store, some fountains Level 6 a fountain Level 7 a fountain Level 8 many fountains Level 9 stairs to Sokoban Level 10 (vault) an altar to Set Level 11 Level 12 <- You were here The Gnomish Mines: levels 4 to 12 Level 4 stairs to The Dungeons of Doom Level 5 Level 6 many shops, a temple to Mitra, a magic chest, some fountains, some trees Level 7 Level 8 Level 9 Level 10 Level 11 Level 12 a magic chest, some fountains Sokoban: levels 5 to 8 Level 5 a magic chest Level 6 a sink Level 7 Level 8 a magic chest stairs to The Dungeons of Doom History has recorded: On T:1 you entered the Dungeons of Doom to retrieve the Amulet of Yendor! On T:178 you reached level 2 of The Dungeons of Doom. On T:205 you advanced to experience level 2. On T:760 you reached level 3 of The Dungeons of Doom. On T:788 you advanced to experience level 3. On T:1116 you reached level 1 of The Gnomish Mines. On T:1373 you reached level 2 of The Gnomish Mines. On T:1472 you advanced to experience level 4. On T:1586 you advanced to experience level 5. On T:1707 you reached level 4 of The Dungeons of Doom. On T:2125 you advanced to experience level 6. On T:2248 you reached level 3 of The Gnomish Mines. On T:2902 you entered the Minetown temple On T:2939 you opened a magic chest. On T:2942 you opened a magic chest. On T:2945 you opened a magic chest. On T:2946 you opened a magic chest. On T:2955 you wished for "blessed fixed greased +2 gray dragon scale mail". On T:3030 you opened a magic chest. On T:3217 you reached level 4 of The Gnomish Mines. On T:3272 you advanced to experience level 7. On T:3404 you opened a magic chest. On T:3405 you opened a magic chest. On T:3511 you reached level 5 of The Gnomish Mines. On T:4004 you reached level 6 of The Gnomish Mines. On T:4194 you advanced to experience level 8. On T:4418 you reached level 7 of The Gnomish Mines. On T:4792 you reached level 8 of The Gnomish Mines. On T:5085 you reached level 9 of The Gnomish Mines. On T:5085 you reached the bottom of the Mines. On T:5432 you advanced to experience level 9. On T:5713 you opened a magic chest. On T:5715 you opened a magic chest. On T:5725 you opened a magic chest. On T:6326 you opened a magic chest. On T:6326 you opened a magic chest. On T:6330 you opened a magic chest. On T:6335 you opened a magic chest. On T:6336 you opened a magic chest. On T:6338 you opened a magic chest. On T:6339 you opened a magic chest. On T:6534 you reached level 5 of The Dungeons of Doom. On T:6861 you reached level 6 of The Dungeons of Doom. On T:7173 you reached level 7 of The Dungeons of Doom. On T:7673 you reached level 8 of The Dungeons of Doom. On T:7781 you advanced to experience level 10. On T:8039 you reached level 9 of The Dungeons of Doom. On T:8577 you reached level 4 of Sokoban. On T:8606 you reached level 10 of The Dungeons of Doom. On T:9617 you opened a magic chest. On T:9619 you opened a magic chest. On T:9634 you reached level 3 of Sokoban. On T:10238 you reached level 2 of Sokoban. On T:10842 you reached level 1 of Sokoban. On T:11876 you advanced to experience level 11. On T:11876 you entered the Sokoban zoo. On T:11961 you opened a magic chest. On T:11963 you opened a magic chest. On T:12074 you opened a magic chest. On T:12309 you reached level 11 of The Dungeons of Doom. On T:12722 you opened a magic chest. On T:12910 you reached level 12 of The Dungeons of Doom. Score breakdown: Gold: 326 ( 32 points) Experience: 8 levels ( 700 points) Exploration: 12 levels ( 330 points) Discoveries: 19 items ( 950 points) Variety of kills: 115 monsters ( 2000 points) Major goal: Sokoban/Mines ( 1500 points) Survival: died (score multiplied by 3) Total score: 16536 Latest messages: Something stole a scroll labeled PRATYAVAYAH. Something stole an iron wand. Something stole 2 pizzas. Something stole 2 lembas wafers. Something stole a unicorn horn. Something stole a potion of healing. Something stole a short wand. You feel less confused now. You hear a nearby zap. You slow down. You hear a nearby zap. The barbarian seems to be moving slower. You finish disrobing. You put a purple-red potion into the magic chest. You put 2 yellow potions into the magic chest. You put a clear potion into the magic chest. Your movements are now unencumbered. You swing your battle-axe in a wide arc. You smite Bert's ghost. You smite the wraith. The wraith touches you! You die... Your body rises from the dead as a wraith... Final status: Goodbye woodfighter the Barbarian, killed by a wraith... You died in The Dungeons of Doom on dungeon level 12 with 16536 points, and 326 pieces of gold, after 13059 moves. You were level 8 with a maximum of 90 hit points when you died.